[Event "Live Chess"]
[Site "Chess.com"]
[Date "2023.09.16"]
[Round "-"]
[White "isanamie12"]
[Black "Sabadin21"]
[Result "1-0"]
[WhiteElo "799"]
[BlackElo "890"]
[TimeControl "900+5"]
[EndTime "6:08:42 PDT"]
[Termination "isanamie12 venceu por desistência"]

1. d4 f5 2. c4 Nc6 3. Nf3 Nf6 4. Bg5 Ne4 5. e3 d5 6. cxd5 Qxd5 7. Nc3 Nxc3 8.
bxc3 e6 9. c4 Qd7 10. Be2 Be7 11. Bf4 O-O 12. O-O Bd6 13. Bxd6 Qxd6 14. c5 Qe7 15. Bc4 Bd7 16. Re1 Qe8 17. Ne5 Nxe5 18. dxe5 Qh5 19. Qxh5 1-0

[Event "Live Chess"]
[Site "Chess.com"]
[Date "2023.09.16"]
[Round "-"]
[White "PedroRossi14"]
[Black "Mariafernanda2805"]
[Result "0-1"]
[WhiteElo "495"]
[BlackElo "990"]
[TimeControl "900+5"]
[EndTime "6:10:01 PDT"]
[Termination "Mariafernanda2805 venceu por xeque-mate"]

1. e4 c5 2. Nf3 d6 3. d4 cxd4 4. Nxd4 Nf6 5. Nc3 a6 6. Be2 g6 7. O-O Bg7 8. Bf4 O-O 9. Bg5 Nc6 10. Nxc6 bxc6 11. Qd2 d5 12. Rad1 Be6 13. Bf3 Qd7 14. exd5 Nxd5 15. Nxd5 Bxd5 16. Bxd5 cxd5 17. Rfe1 f6 18.
Qxd5+ Qxd5 19. Rxd5 fxg5 20. Rxg5 Bxb2 21. Rxe7 Rad8 22.
h3 Bf6 23. Re6 Bxg5 24. Re5 Bf4 25. Ra5 Rd1# 0-1

[Event "Live Chess"]
[Site "Chess.com"]
[Date "2023.09.16"]
[Round "-"]
[White "rakohibri"]
[Black "guilhermemazza"]
[Result "1-0"]
[WhiteElo "736"]
[BlackElo "558"]
[TimeControl "900+5"]
[EndTime "6:10:34 PDT"]
[Termination "rakohibri venceu por xeque-mate"]

1. d4 d5 2. c4 Nf6 3. cxd5 Nxd5 4. e4 Nf4 5. Bxf4 e6 6. Nc3 c5 7.
Nf3 cxd4 8. Nxd4 Bb4 9. Bb5+ Bd7 10. Bc4 Bxc3+ 11. bxc3 a5 12. Rb1 Qc7 13. Bxc7 Nc6 14. Nxc6 Bxc6 15. e5 Be4 16. Rb5 a4 17. O-O O-O 18.
Bd6 a3 19. Bd3 Bxd3 20. Qxd3 Ra6 21. Bxf8 Kxf8 22. Rxb7 f5 23. Qd8# 1-0

[Event "Live Chess"]
[Site "Chess.com"]
[Date "2023.09.16"]
[Round "-"]
[White "Ruanfelipe2014"]
[Black "SaladaChess"]
[Result "0-1"]
[WhiteElo "978"]
[BlackElo "1076"]
[TimeControl "900+5"]
[EndTime "6:10:42 PDT"]
[Termination "SaladaChess venceu por xeque-mate"]

1. e4 c6 2. Bc4 d5 3. exd5 cxd5 4. Bb3 Nf6 5. d4 Bf5 6. Nc3 e6 7. Bg5 Bb4 8. a3 Ba5 9. Nf3 Nc6 10. Qe2 h6 11. Bh4 Bxc3+ 12. bxc3 O-O 13. Ne5 Qa5 14. Bxf6 Qxc3+ 15. Qd2 Qxa1+ 16. Ke2 Qxh1 17. Nd7 Bg4+ 18. Ke3 Qxg2 19. Nxf8 Qf3# 0-1

[Event "Live Chess"]
[Site "Chess.com"]
[Date "2023.09.16"]
[Round "-"]
[White "PedroRossi14"]
[Black "guilhermemazza"]
[Result "1-0"]
[WhiteElo "504"]
[BlackElo "462"]
[TimeControl "900+5"]
[EndTime "6:13:34 PDT"]
[Termination "PedroRossi14 venceu por xeque-mate"]

1. e4 e5 2. Nf3 Nc6 3. d4 d6 4. d5 Nd4 5. Nbd2 Nxf3+ 6. Nxf3 Nf6 7. Bd3 c6 8. dxc6 bxc6 9. O-O Bg4 10. Bg5 Bxf3 11.
Qxf3 Nxe4 12. Qe3 Nxg5 13. Rfd1 d5 14. Qxe5+ Be7 15. Re1 Rb8 16. Re2 Rxb2 17. Rae1 Qb8 18. Qxe7# 1-0

[Event "Live Chess"]
[Site "Chess.com"]
[Date "2023.09.16"]
[Round "-"]
[White "lanofimdojogo"]
[Black "Sabadin21"]
[Result "0-1"]
[WhiteElo "367"]
[BlackElo "892"]
[TimeControl "900+5"]
[EndTime "6:16:37 PDT"]
[Termination "Sabadin21 venceu por xeque-mate"]

1. e4 e5 2. Bc4 Bc5 3. Qf3 f6 4. Nh3 Nc6 5. O-O Nb4 6. Re1 Nxc2 7.
a4 Nxa1 8. Re3 Bxe3 9. Qxe3 Nc2 10. Qd3 Nd4 11. Qa3 Qe7 12. Qxe7+ Nxe7 13. Bd5 Kd8 14. Ba2 d6 15. d3 Ne2+ 16. Kf1 Nxc1 17. Bf7 Bxh3 18.
gxh3 Rf8 19. Bh5 g6 20. Bd1 Nc6 21. Na3 Nxd3 22. Be2 Nc5 23. Nc4 Nxe4 24. Nd2 Nxd2+ 25.
Kg2 f5 26. h4 Nd4 27. Kh1 Nxe2 28. b4 Nf3 29. Kg2 Nd2 30. a5 c5 31. b5 c4 32. Kh1 c3 33. Kg2 c2 34. Kh3 c1=Q 35. Kg2 Qf1# 0-1

[Event "Live Chess"]
[Site "Chess.com"]
[Date "2023.09.16"]
[Round "-"]
[White "asafefausto"]
[Black "Mariafernanda2805"]
[Result "0-1"]
[WhiteElo "887"]
[BlackElo "1001"]
[TimeControl "900+5"]
[EndTime "6:22:33 PDT"]
[Termination "Mariafernanda2805 venceu por xeque-mate"]

1. d4 e6 2. e4 d6 3. Bb5+ Nc6 4. Bxc6+ bxc6 5. Nf3 Ba6 6. Bf4 Nf6 7. Nc3 Be7 8.
Qd2 O-O 9. O-O-O d5 10. e5 Ne4 11. Nxe4 dxe4 12. Rhe1 exf3 13. gxf3 Rb8 14. Be3 Bb4 15. c3 Be7 16. f4 h6 17. f5 exf5 18. d5 c5 19. d6 cxd6 20. exd6 Bxd6 21. Qxd6 Qxd6 22.
Rxd6 Bb5 23. Bxh6 gxh6 24. Rg1+ Kh7 25. f4 Rbd8 26. Rf6 Bd3 27. Rxf5 Bxf5 28. h4 Rg8 29.
Rf1 Bd3 30. Re1 f5 31. b4 cxb4 32. cxb4 Rc8+ 33. Kd2 Rgd8 34. Re7+ Kg6 35. Rxa7 Bb5+ 36. Ke3 Rc3+ 37. Kf2 Re8 38. a4 Re2+ 39. Kf1 Rc1# 0-1

[Event "Live Chess"]
[Site "Chess.com"]
[Date "2023.09.16"]
[Round "-"]
[White "Sabadin21"]
[Black "PedroRossi14"]
[Result "1-0"]
[WhiteElo "894"]
[BlackElo "512"]
[TimeControl "900+5"]
[EndTime "6:23:52 PDT"]
[Termination "Sabadin21 venceu por desistência"]

1. e4 c6 2. d4 d5 3. f3 Nd7 4.
Nc3 e6 5. Bd3 Be7 6. Nge2 Ngf6 7. O-O O-O 8. Be3 c5 9. Qc1 cxd4 10. Bxd4 Nc5 11. Bxc5 Bxc5+ 12. Kh1 d4 13. Nd1 Nh5 14.
Nf2 Qh4 15. g3 Nxg3+ 16. Nxg3 Bd6 17. Rg1 Bd7 18. Rg2 Be5 19. Ng4 Bd6 20. e5 Bc5 21.
Ne2 Rac8 22. Qe1 Bb6 23. Qxh4 Rc7 24. Nf4 Rfc8 25. Qg5 h6 26. Qe7 Re8 27. Qh4 g5 28.
Qxh6 1-0

[Event "Live Chess"]
[Site "Chess.com"]
[Date "2023.09.16"]
[Round "-"]
[White "lgomessc"]
[Black "pedromiguelchess"]
[Result "1-0"]
[WhiteElo "1164"]
[BlackElo "1087"]
[TimeControl "900+5"]
[EndTime "6:25:28 PDT"]
[Termination "lgomessc venceu por xeque-mate"]

1. e4 e5 2. Nf3 Nc6 3. Bc4 Bc5 4. Nc3 Nf6 5. d3 O-O 6. Bg5 h6 7. Bh4 d6 8. Nd5 Be6 9. Nxf6+ gxf6 10. Bxe6 fxe6 11.
Nd2 Rf7 12. Qg4+ Rg7 13. Qxe6+ Kf8 14. Bxf6 Qd7 15. Bxg7+ Qxg7 16. Qf5+ Qf7 17. Qxf7+ Kxf7 18. Nf3 Rg8 19. O-O Nd4 20. Nxd4 Bxd4 21. c3 Bb6 22. a4 c6 23. a5 Bd8 24. d4 exd4 25. cxd4 Bf6 26.
Ra4 Re8 27. f3 c5 28. dxc5 dxc5 29. Rc4 Bd4+ 30. Kh1 b5 31. axb6 axb6 32. Ra4 Bxb2 33. Ra7+ Ke6 34. Rb1 Rd8 35. h4 Be5 36. Rxb6+ Bd6 37. Rh7 c4 38. Rxh6+ Ke7 39. Rb7+ Ke8 40. Re6+ Kf8 41. Rb1 Bg3 42. h5 c3 43. Rc6 Be5 44.
g4 Rd7 45. Kg2 Rg7 46. h6 Rg5 47. h7 Kg7 48. Rb7+ Bc7 49. Rcxc7+ Kh8 50. Rb8+ Rg8 51.
Rxg8# 1-0

[Event "Live Chess"]
[Site "Chess.com"]
[Date "2023.09.16"]
[Round "-"]
[White "Rafael-2021"]
[Black "Ruanfelipe2014"]
[Result "1/2-1/2"]
[WhiteElo "928"]
[BlackElo "976"]
[TimeControl "900+5"]
[EndTime "6:26:01 PDT"]
[Termination "Empate por repetição"]

1. g3 e5 2. Bg2 Bc5 3. Nf3 d6 4. O-O Bg4 5. d3 Nf6 6. e4 Nc6 7. Nc3 Nd4 8. h3 Nxf3+ 9. Bxf3 Bxh3 10. Bg2 Bg4 11. Qd2 Qd7 12. b3 Bd4 13. Bb2 Bh3 14. Rfe1 Bxg2 15. Kxg2 h5 16. Qg5 Rg8 17. Qd2 Rh8 18.
Nd1 h4 19. Rh1 Qg4 20. Bxd4 exd4 21. Nb2 O-O-O 22. Qf4 Qg6 23. Rxh4 d5 24. e5 Nh5 25. Qg4+ Qxg4 26. Rxg4 g6 27. Rh1 Rde8 28. Rxd4 Rxe5 29.
c4 dxc4 30. Nxc4 Re2 31. Re4 Rxa2 32. Re7 Ra6 33. Rxf7 b6 34. Rh4 b5 35. Nd2 g5 36.
Rh1 Rg6 37. g4 Nf4+ 38. Kg1 Ne2+ 39. Kg2 Nf4+ 40. Kg1 Ne2+ 41. Kg2 Nf4+ 1/2-1/2

[Event "Live Chess"]
[Site "Chess.com"]
[Date "2023.09.16"]
[Round "-"]
[White "VitorEMS"]
[Black "isanamie12"]
[Result "0-1"]
[WhiteElo "737"]
[BlackElo "807"]
[TimeControl "900+5"]
[EndTime "6:27:52 PDT"]
[Termination "isanamie12 venceu por desistência"]

1. e4 e5 2. Nf3 Nc6 3. Bc4 Bc5 4.
O-O Nf6 5. Nc3 d6 6. d3 O-O 7. Qe1 Re8 8. Be3 Bb4 9. a3 Bxc3 10. Qxc3 Bg4 11. Nd2 d5 12. exd5 Nxd5 13. Bxd5 Qxd5 14. Ne4 Re6 15. Qd2 Rg6 16. c3 Bf3 17. g3 Bxe4 18.
dxe4 Qxe4 19. Rfd1 h6 20. Qe2 Qg4 21. Qc2 Rd8 22.
Re1 Rgd6 23. b4 a6 24. a4 Qg6 25. Qb3 Qe6 26. Qc2 Ne7 27. b5 Nf5 28. Bc5 Rd2 29. Qc1 R8d5 30. Be3 Nxe3 31. fxe3 Qh3 0-1

[Event "Live Chess"]
[Site "Chess.com"]
[Date "2023.09.16"]
[Round "-"]
[White "Corveloni_Ma"]
[Black "RyanDiniz2011"]
[Result "0-1"]
[WhiteElo "1382"]
[BlackElo "1483"]
[TimeControl "900+5"]
[EndTime "6:29:24 PDT"]
[Termination "RyanDiniz2011 venceu por desistência"]

1. d4 Nf6 2. Nf3 g6 3. g3 Bg7 4.
Bg2 d5 5. O-O O-O 6. c4 dxc4 7.
Nbd2 c3 8. bxc3 Nbd7 9. Bb2 Nb6 10. Qc2 Bf5 11. Qd1 Ne4 12. Nxe4 Bxe4 13. Ne5 Bxg2 14.
Kxg2 Bxe5 15. dxe5 Nc4 16. Qb3 Nd2 17. Qc2 Nxf1 18. Rd1 Ne3+ 19. fxe3 Qc8 20. c4 Rd8 21. Rf1 Qe6 22. e4 Rd7 23. Qb3 Qc6 24. Qf3 Qxc4 25. a3 Rd2 26. Ba1 Rxe2+ 27. Kg1 Rxe4 28. h4 Rd8 29. e6 Qxe6 30. Qc3 Qb6+ 31. Kh1 f6 32.
Qc2 Qc6 33. Qb3+ Qc4 34. Qxc4+ Rxc4 35. Re1 Kf7 36. Kh2 Rc2+ 37. Kh3 Rdd2 38. Rh1 h5 39. a4 Rd3 40. Rh2 Rxh2+ 41. Kxh2 c5 42. a5 c4 0-1

[Event "Live Chess"]
[Site "Chess.com"]
[Date "2023.09.16"]
[Round "-"]
[White "CauaLopes12"]
[Black "DaviFuzatto"]
[Result "0-1"]
[WhiteElo "1322"]
[BlackElo "1371"]
[TimeControl "900+5"]
[EndTime "6:29:41 PDT"]
[Termination "DaviFuzatto venceu por xeque-mate"]

1. e4 e6 2. d4 d5 3. Nc3 Nf6 4.
Bd3 c5 5. exd5 exd5 6. dxc5 Bxc5 7. Nf3 O-O 8. O-O Nc6 9. Bg5 Be6 10. Re1 Be7 11.
h3 h6 12. Bh4 Rc8 13. Qd2 Nd7 14. Bxe7 Nxe7 15. Bb5 Nf6 16. Rad1 Nf5 17. Bd3 Qd6 18. Ne5 d4 19. Nb5 Qb6 20. Bxf5 Bxf5 21. Nxd4 Rcd8 22. c3 Bh7 23. Qe2 Rfe8 24. Qd2 Ne4 25. Qf4 f6 26. Nd3 Ng5 27. Qd2 Ne4 28. Qc2 Nc5 29. Rxe8+ Rxe8 30. Nb3 Nxd3 31. Qd2 Ne5 32. Nd4 Nc4 33. Qe2 Rxe2 34.
Ne6 Qxe6 35. Re1 Rxe1+ 36. Kh2 Qe5+ 37. g3 Qe2 38. b3 Qxf2# 0-1

[Event "Live Chess"]
[Site "Chess.com"]
[Date "2023.09.16"]
[Round "-"]
[White "guilhermemazza"]
[Black "lanofimdojogo"]
[Result "1/2-1/2"]
[WhiteElo "452"]
[BlackElo "404"]
[TimeControl "900+5"]
[EndTime "6:29:57 PDT"]
[Termination "Partida empatada pela regra dos 50 lances"]

1. e4 e5 2. c3 a5 3. d4 Ra6 4. dxe5 Re6 5. Nf3 Nc6 6. Bf4 b5 7. b4 axb4 8. cxb4 Nxb4 9. Bxb5 Rb6 10. e6 Rxb5 11. exd7+ Qxd7 12. Qxd7+ Kxd7 13. a3 Nc2+ 14. Kf1 Nxa1 15. Ke2 Rxb1 16. Rxb1 Nc2 17. Rd1+ Ke8 18. Bxc7 Nxa3 19. Rd8+ Ke7 20. Ng5 Bd7 21. f4 Bb5+ 22. Ke3 Nc2+ 23. Kd2 Na1 24. g4 h6 25. Bd6+ Kxd8 26. Bxf8 hxg5 27. fxg5 Nb3+ 28. Kc3 Na1 29. Kb4 Be2 30. Bxg7 Rh7 31. Bxa1 Rxh2 32. g6 fxg6 33. e5 Rh1 34. Bd4 Rd1 35. Bc5 Rc1 36. Bd6 Ne7 37. e6 g5 38. Kb3 Rb1+ 39. Kc2 Re1 40. Kd2 Rb1 41. Kxe2 Rb2+ 42. Kd3 Rb3+ 43. Ke4 Rb4+ 44. Kd3 Rxg4 45. Ke3 Rg3+ 46. Bxg3 Nf5+ 47. Ke4 Nxg3+ 48. Ke5 g4 49. Kd6 Ne4+ 50. Ke5 Nc3 51. Kf6 g3 52. e7+ Kc8 53. e8=Q+ Kc7 54. Qe3 Nd5+ 55. Kf5 Nxe3+ 56. Kf4 g2 57. Kxe3 g1=Q+ 58. Ke2 Qg2+ 59.
Ke1 Kc6 60. Kd1 Kc5 61. Ke1 Kc4 62. Kd1 Qf3+ 63. Kd2 Qf4+ 64. Ke2 Kc3 65. Ke1 Kd3 66. Kd1 Qg4+ 67. Ke1 Ke3 68. Kf1 Kf3 69. Ke1 Qe4+ 70.
Kd2 Qd4+ 71. Kc2 Qe4+ 72. Kc3 Qe3+ 73. Kc4 Kf4 74. Kb4 Qe4+ 75. Kc3 Qe3+ 76. Kc4 Kf5 77.
Kb4 Ke5 78. Kc4 Qe2+ 79. Kc3 Qe1+ 80. Kd3 Kd5 81. Kc2 Qe2+ 82. Kc3 Qe3+ 83. Kb4 Qe4+ 84. Kc3 Qe3+ 85. Kc2 Qe2+ 86. Kc1 Qe1+ 87. Kc2 Ke4 88. Kb2 Kd3 89. Kb3 Qb1+ 90. Ka3 Kc3 91. Ka4 Qa1+ 92. Kb5 Qb1+ 93. Kc5 Kd3 94. Kd5 Qa2+ 95. Ke5 Qa5+ 96.
Kf4 Qd5 97. Kg4 Qe4+ 98. Kh5 Qf5+ 99. Kh4 Qf4+ 100. Kh5 Ke3 101. Kg6 Kf3 102. Kh5 Kg3 103. Kg6 Qe4+ 104. Kh6 Kg4 105. Kg7 Qe5+ 106. Kh6 Kf5 107. Kh7 Qe7+ 1/2-1/2

[Event "Live Chess"]
[Site "Chess.com"]
[Date "2023.09.16"]
[Round "-"]
[White "Sabadin21"]
[Black "Mariafernanda2805"]
[Result "1-0"]
[WhiteElo "904"]
[BlackElo "991"]
[TimeControl "900+5"]
[EndTime "6:30:22 PDT"]
[Termination "Sabadin21 venceu por xeque-mate"]

1. e4 c5 2. Nf3 d6 3. Nc3 Nf6 4. d4 cxd4 5. Nxd4 a6 6. Bd3 g6 7. O-O Bg7 8. Be3 O-O 9. Qd2 Nc6 10. Rad1 Be6 11. Rfe1 Nxd4 12. Bxd4 Qc7 13. Bxf6 Bxf6 14. Re3 Bg5 15. Rde1 Bxe3 16. Rxe3 Qb6 17. b3 Rac8 18. Nd5 Bxd5 19. exd5 Qd4 20. Rh3 Qc3 21. Qh6 Qe1+ 22. Bf1 Rfd8 23. Qxh7+ Kf8 24. Qh8# 1-0

[Event "Live Chess"]
[Site "Chess.com"]
[Date "2023.09.16"]
[Round "-"]
[White "PedroRossi14"]
[Black "asafefausto"]
[Result "1-0"]
[WhiteElo "525"]
[BlackElo "587"]
[TimeControl "900+5"]
[EndTime "6:34:24 PDT"]
[Termination "PedroRossi14 venceu por xeque-mate"]

1. e4 c5 2. Nf3 Nc6 3. d4 e5 4.
dxe5 Nxe5 5. Nxe5 d6 6. Nf3 Nf6 7. Nc3 Bg4 8. Be2 Be7 9. O-O O-O 10. Bf4 Re8 11. Nd5 Nxd5 12. exd5 Bh4 13. Re1 Qb6 14.
b3 c4 15. bxc4 Qxf2+ 16. Kh1 Rad8 17. Nxh4 Bxe2 18. Rxe2 Rxe2 19. Qf1 Rde8 20. Bg3 Qe3 21. Nf5 g6 22. Nxe3 R8xe3 23. Re1 Rxc2 24. Rxe3 Rxa2 25. Re8+ Kg7 26. Bxd6 a5 27. Bf8+ Kg8 28. Bh6# 1-0

[Event "Live Chess"]
[Site "Chess.com"]
[Date "2023.09.16"]
[Round "-"]
[White "DaviFuzatto"]
[Black "guilhermemazza"]
[Result "1-0"]
[WhiteElo "1371"]
[BlackElo "451"]
[TimeControl "900+5"]
[EndTime "6:34:37 PDT"]
[Termination "DaviFuzatto venceu por xeque-mate"]

1. e4 c5 2. Nf3 d5 3. exd5 Qxd5 4. Nc3 Qd6 5. Bb5+ Bd7 6. Bxd7+ Qxd7 7. O-O Nc6 8. d3 O-O-O 9. Be3 f5 10. Bxc5 e5 11. Bxf8 Rxf8 12. Re1 Nd4 13. Rxe5 Nxf3+ 14. Qxf3 Qd4 15.
Rxf5 Re8 16. Rf7 Qe5 17. Qxb7+ Kd8 18. Rd7# 1-0

[Event "Live Chess"]
[Site "Chess.com"]
[Date "2023.09.16"]
[Round "-"]
[White "lanofimdojogo"]
[Black "CauaLopes12"]
[Result "0-1"]
[WhiteElo "402"]
[BlackElo "1322"]
[TimeControl "900+5"]
[EndTime "6:34:41 PDT"]
[Termination "CauaLopes12 venceu por xeque-mate"]

1. h4 e5 2. d4 exd4 3. Qxd4 Nf6 4. Rh3 d5 5. Qd3 Bxh3 6. gxh3 Bd6 7. Bg2 Be7 8. Nc3 O-O 9. Nf3 c6 10. Ng5 h6 11.
Nf3 Nbd7 12. Na4 Re8 13. Nc3 Qb6 14. a4 Bc5 15. Kf1 Bxf2 16. Ra3 Nh5 17. Rb3 Ng3# 0-1

[Event "Live Chess"]
[Site "Chess.com"]
[Date "2023.09.16"]
[Round "-"]
[White "Alplee"]
[Black "Highlanderson"]
[Result "1-0"]
[WhiteElo "1972"]
[BlackElo "1549"]
[TimeControl "900+5"]
[EndTime "6:34:50 PDT"]
[Termination "Alplee venceu por desistência"]

1. d4 d5 2. c4 e6 3. Nf3 Nf6 4. Nc3 c6 5. e3 Bd6 6. Qc2 O-O 7. Bd3 c5 8. cxd5 exd5 9. dxc5 Bxc5 10. O-O Nc6 11. a3 Bg4 12. Ng5 h6 13. Nh7 Ne5 14.
Nxf8 Kxf8 15. Be2 Be6 16. b4 Bd6 17. Bb2 a6 18. Rac1 Rc8 19. Qd1 Nc4 20. Na4 b5 21. Bxf6 Qxf6 22. Bxc4 bxc4 23. Nc3 Qh4 24. g3 Qh3 25.
Nxd5 Be7 26. Nf4 Qf5 27. Nxe6+ Qxe6 28. Qe2 Bf6 29. Rc2 c3 30. Rd1 Rc7 31. e4 Qc8 32. e5 Bg5 33. f4 Be7 34. Rd3 Qb7 35. Qf3 Qb5 36. Rdxc3 Rxc3 37. Qa8+ 1-0

[Event "Live Chess"]
[Site "Chess.com"]
[Date "2023.09.16"]
[Round "-"]
[White "RyanDiniz2011"]
[Black "VitorEMS"]
[Result "1-0"]
[WhiteElo "1486"]
[BlackElo "736"]
[TimeControl "900+5"]
[EndTime "6:35:44 PDT"]
[Termination "RyanDiniz2011 venceu por desistência"]

1. d4 d5 2. c4 dxc4 3. Nc3 Nf6 4. Bf4 Bf5 5. e3 e6 6. Bxc4 c5 7. dxc5 Bxc5 8. Qxd8+ Kxd8 9. Bg5 Nc6 10. Bxf6+ gxf6 11. Nf3 Kc7 12. Nb5+ Kd8 13. Rd1+ Ke8 14. Nc7+ Kf8 15.
Nxa8 Kg7 16. Nc7 e5 17. g4 Be4 18. Bd5 Bg6 19. h4 Bc2 20. Rc1 Bd3 21. a3 Na5 22.
Rxc5 b6 23. Rc3 Bb1 24. b4 Nb3 25. Bxb3 1-0

[Event "Live Chess"]
[Site "Chess.com"]
[Date "2023.09.16"]
[Round "-"]
[White "pedromiguelchess"]
[Black "Ruanfelipe2014"]
[Result "1-0"]
[WhiteElo "1098"]
[BlackElo "966"]
[TimeControl "900+5"]
[EndTime "6:35:46 PDT"]
[Termination "pedromiguelchess venceu por xeque-mate"]

1. e4 e5 2. Nf3 Nc6 3. Bc4 Bc5 4. c3 d6 5. d3 Bg4 6. h3 Bh5 7. Nbd2 Nf6 8. O-O g5 9. Qb3 g4 10. hxg4 Nxg4 11. Qxb7 Rb8 12. Qxc6+ Ke7 13. d4 exd4 14. cxd4 Rb6 15. Qa4 Rb4 16. Qc2 Bb6 17. a3 Rg8 18. axb4 Nf6 19. e5 dxe5 20. dxe5 Bxf3 21. Nxf3 Ng4 22. Qxh7 Bxf2+ 23. Rxf2 Nxf2 24. Qxf7# 1-0

[Event "Live Chess"]
[Site "Chess.com"]
[Date "2023.09.16"]
[Round "-"]
[White "lanofimdojogo"]
[Black "guilhermemazza"]
[Result "0-1"]
[WhiteElo "303"]
[BlackElo "497"]
[TimeControl "900+5"]
[EndTime "6:36:29 PDT"]
[Termination "guilhermemazza venceu por xeque-mate"]

1. e4 e5 2. Bc4 d5 3. Bb3 dxe4 4. Nh3 Bb4 5. O-O Bxh3 6. gxh3 Qg5+ 7. Kh1 h5 8. a3 Rh6 9. axb4 Rg6 10. Ra5 Qg2# 0-1

[Event "Live Chess"]
[Site "Chess.com"]
[Date "2023.09.16"]
[Round "-"]
[White "SaladaChess"]
[Black "rakohibri"]
[Result "1-0"]
[WhiteElo "1083"]
[BlackElo "703"]
[TimeControl "900+5"]
[EndTime "6:39:00 PDT"]
[Termination "SaladaChess venceu por tempo"]

1. c4 e5 2. Nc3 Nf6 3. g3 Bc5 4.
Bg2 c6 5. d3 d6 6. Nf3 Bf5 7. Bg5 h6 8. Bxf6 Qxf6 9. O-O Nd7 10. Qb3 O-O 11. Nd2 Bb6 12. Nde4 Qd8 13. Nxd6 Nc5 14. Qb4 Qxd6 15. Na4 Qd8 16. Nxc5 Qd6 17.
Na6 c5 18. Qd2 bxa6 19. Bxa8 Rxa8 20. a3 Bh3 21. Rfe1 Qc7 22. Qe3 Qc6 23. Qf3 Qxf3 24. exf3 Re8 25. f4 f6 26. fxe5 Rxe5 27. Rxe5 fxe5 28.
Re1 Bc7 29. f3 Kf7 30. g4 h5 31. Kf2 hxg4 32. Kg3 Kf8 33. fxg4 Bxg4 34. Kxg4 e4 35. Rxe4 Bxh2 36. Re6 Kf7 37. Rxa6 Bb8 38. Rc6 Bh2 39. Rxc5 Bg1 40. Rf5+ Ke6 41. Rg5 Bd4 42. b4 Kf6 43. Rf5+ Kg6 44. c5 Kh6 45. c6 g6 46. Rd5 Bb6 47. Rd7 g5 48. c7 Bxc7 49. Rxc7 a6 50. d4 1-0

[Event "Live Chess"]
[Site "Chess.com"]
[Date "2023.09.16"]
[Round "-"]
[White "PedroRossi14"]
[Black "Sabadin21"]
[Result "0-1"]
[WhiteElo "523"]
[BlackElo "906"]
[TimeControl "900+5"]
[EndTime "6:39:04 PDT"]
[Termination "Sabadin21 venceu por desistência"]

1. e4 e5 2. Nf3 Nf6 3. Nc3 Nc6 4. Be2 Bc5 5. O-O O-O 6. Nd5 Nxd5 7. exd5 Ne7 8. Nxe5 Nxd5 9. c4 d6 10. Ng4 Ne7 11. Qc2 Bxg4 12. Bxg4 Nc6 13. Qe4 Qe8 14. Qf5 Nd4 15. Qh5 Qe7 16. d3 Rfe8 17. Bg5 Qf8 18. Rfe1 Rxe1+ 19. Rxe1 Re8 20. Rd1 Re2 21. Bxe2 Nxe2+ 22.
Qxe2 c6 23. Re1 d5 24. Qe8 dxc4 25. Be7 Qxe8 0-1

[Event "Live Chess"]
[Site "Chess.com"]
[Date "2023.09.16"]
[Round "-"]
[White "lgomessc"]
[Black "Rafael-2021"]
[Result "0-1"]
[WhiteElo "1135"]
[BlackElo "1101"]
[TimeControl "900+5"]
[EndTime "6:39:09 PDT"]
[Termination "Rafael-2021 venceu por xeque-mate"]

1. e4 e5 2. Nf3 Nc6 3. Bc4 d6 4. Nc3 Bg4 5. h3 Bh5 6. O-O Nd4 7. Bb5+ c6 8. Be2 Nxe2+ 9. Qxe2 Nf6 10. d3 Be7 11.
Bg5 h6 12. Bxf6 Bxf6 13. Qe3 Bg5 14. Nxg5 Qxg5 15. Qxg5 hxg5 16. g4 Bg6 17. Kg2 O-O-O 18. Rad1 Rh4 19. d4 exd4 20. Rxd4 Kc7 21. Rc4 Rdh8 22.
Nd5+ Kd7 23. Ne3 Rxh3 24. Rd4 c5 25. Rd5 Bxe4+ 26. f3 Bxd5 27. Nxd5 Rh2+ 28. Kg1 Rh1+ 29. Kf2 R8h2+ 30. Ke1 Rxf1+ 31. Kxf1 Rxc2 32. Ne3 Rxb2 33. Ng2 Rxa2 34. f4 c4 35. fxg5 Rd2 36. Ne3 c3 37.
Ke1 Rh2 38. Kd1 b5 39. Nd5 c2+ 40. Kc1 a5 41. Ne3 b4 42. Nxc2 b3 43. Na3 a4 44.
Kb1 Ra2 45. Nc4 a3 46. Nb6+ Kc6 47. Nc4 d5 48. Na5+ Kb5 49. Nxb3 Rb2+ 50. Ka1 Rxb3 51. Ka2 Rg3 52. Ka1 Rg2 53. Kb1 Kb4 54. Ka1 Kb3 55. Kb1 Rg1# 0-1

[Event "Live Chess"]
[Site "Chess.com"]
[Date "2023.09.16"]
[Round "-"]
[White "Highlanderson"]
[Black "AnaHelenaAulicino"]
[Result "1-0"]
[WhiteElo "1549"]
[BlackElo "614"]
[TimeControl "900+5"]
[EndTime "6:40:43 PDT"]
[Termination "Highlanderson venceu por desistência"]

1. e4 e5 2. Nf3 Nc6 3. a3 Bc5 4. Nxe5 Nxe5 5. d4 Bxd4 6. Qxd4 Ng4 7. Qxg7 d6 8. Qxh8 Kf8 9. Qc3 N8f6 10. h3 Nxe4 11.
Qh8+ Ke7 12. Qxd8+ Kxd8 13. hxg4 Bxg4 14. f3 Ng3 15.
Rxh7 Bc8 16. Bg5+ Kd7 17. Rxf7+ Ke6 18. Bc4+ Ke5 19. Bf6+ Kf5 20. Bh4+ Kg6 21. Bxg3 1-0

[Event "Live Chess"]
[Site "Chess.com"]
[Date "2023.09.16"]
[Round "-"]
[White "Mariafernanda2805"]
[Black "asafefausto"]
[Result "1-0"]
[WhiteElo "994"]
[BlackElo "561"]
[TimeControl "900+5"]
[EndTime "6:41:24 PDT"]
[Termination "Mariafernanda2805 venceu por xeque-mate"]

1. e4 e5 2. Bc4 Nf6 3. Nc3 c6 4. Nf3 d6 5. O-O d5 6. exd5 cxd5 7. Bb5+ Bd7 8. Bxd7+ Nbxd7 9. d3 Bc5 10. Bg5 h6 11. Bxf6 Qxf6 12. Nxd5 Qc6 13. c4 O-O 14. h3 Rad8 15. d4 e4 16. dxc5 exf3 17. Ne7+ Kh8 18.
Nxc6 Nxc5 19. Nxd8 fxg2 20. Kxg2 Rxd8 21. Qxd8+ Kh7 22. Qd5 b6 23. Rfe1 Ne6 24. Qe4+ g6 25.
Qf3 Ng5 26. Qc3 f5 27. Re7+ Kg8 28. Qg7# 1-0

[Event "Live Chess"]
[Site "Chess.com"]
[Date "2023.09.16"]
[Round "-"]
[White "SaladaChess"]
[Black "lanofimdojogo"]
[Result "1-0"]
[WhiteElo "1084"]
[BlackElo "300"]
[TimeControl "900+5"]
[EndTime "6:42:09 PDT"]
[Termination "SaladaChess venceu por xeque-mate"]

1. c4 a5 2. d4 Ra6 3. e4 Rc6 4. d5 Ra6 5. c5 g5 6. Bxa6 bxa6 7. b3 Nf6 8. Bb2 Nxe4 9. Bxh8 Nxc5 10.
Nf3 h6 11. Qd4 Ne6 12. dxe6 fxe6 13. Qe4 Nc6 14. Qg6# 1-0

[Event "Live Chess"]
[Site "Chess.com"]
[Date "2023.09.16"]
[Round "-"]
[White "Rafael-2021"]
[Black "PedroRossi14"]
[Result "1-0"]
[WhiteElo "1109"]
[BlackElo "522"]
[TimeControl "900+5"]
[EndTime "6:42:14 PDT"]
[Termination "Rafael-2021 venceu por desistência"]

1. e4 c6 2. d4 d5 3. e5 Bf5 4. Nf3 e6 5. Bd3 Bxd3 6. Qxd3 Be7 7. Nc3 Nh6 8. Bxh6 gxh6 9. O-O Nd7 10. Rfe1 Rg8 11.
Qxh7 Rg6 12. Qh8+ Bf8 13. g3 Qb6 14. Nh4 O-O-O 15. Nxg6 Be7 16. Nxe7+ 1-0

[Event "Live Chess"]
[Site "Chess.com"]
[Date "2023.09.16"]
[Round "-"]
[White "Ruanfelipe2014"]
[Black "VitorEMS"]
[Result "1-0"]
[WhiteElo "972"]
[BlackElo "724"]
[TimeControl "900+5"]
[EndTime "6:42:16 PDT"]
[Termination "Ruanfelipe2014 venceu por desistência"]

1. e4 e5 2. Nf3 Nf6 3. Nxe5 d6 4. Nf3 Nxe4 5. Qe2 d5 6. d3 Qe7 7. dxe4 dxe4 8. Nd4 Qe5 9. Nf3 Qe6 10. Ng5 Qd6 11. Qxe4+ Be7 12. Bc4 Rf8 13. Nxh7 Rh8 14. Ng5 Rf8 15.
Bf4 Qb4+ 16. c3 Qxb2 17. Bxf7+ Kd8 18. Ne6+ Kd7 19. Nxf8+ 1-0

[Event "Live Chess"]
[Site "Chess.com"]
[Date "2023.09.16"]
[Round "-"]
[White "guilhermemazza"]
[Black "pedromiguelchess"]
[Result "0-1"]
[WhiteElo "493"]
[BlackElo "1099"]
[TimeControl "900+5"]
[EndTime "6:43:30 PDT"]
[Termination "pedromiguelchess venceu por xeque-mate"]

1. e4 c5 2. f4 d6 3. c3 Nc6 4. d3 e6 5. Nf3 Nge7 6. Nbd2 d5 7.
exd5 exd5 8. Qe2 h6 9. g3 Be6 10. Ne5 d4 11. Nxc6 Nxc6 12. cxd4 Nxd4 13. Qe5 Qd6 14.
Qxd6 Bxd6 15. Bg2 Nc2+ 16. Kd1 Nxa1 17. Bxb7 Rb8 18. Bc6+ Bd7 19. Bxd7+ Kxd7 20. b3 a5 21.
Bb2 Nxb3 22. Nxb3 a4 23. Nxc5+ Bxc5 24. d4 a3 25. dxc5 axb2 26. Kc2 Rhc8 27. Rd1+ Ke7 28.
f5 Rxc5+ 29. Kd3 b1=Q+ 30. Rxb1 Rxb1 31. a4 Rd1+ 32. Ke4 f6 33. Ke3 Re5+ 34. Kf4 Rf1+ 35.
Kg4 h5+ 36. Kxh5 Rfxf5+ 37. Kg6 Rg5+ 38. Kh7 Kf7 39. Kh8 Rh5# 0-1